 Dungeon Crawl Stone Soup version 0.30.0-17-ge0270778cf (webtiles) character file.

Game seed: 17990530167414965724

118 sampeng1 the Chopper (level 5, -7/42 HPs)
             Began as a Human Berserker on May 23, 2023.
             Was a Believer of Trog.
             Killed by divine providence
             ... invoked by an orc priest
              (12 damage)
             ... on level 3 of the Dungeon.
             The game lasted 00:07:43 (2312 turns).

sampeng1 the Chopper (Human Berserker)              Turns: 2312, Time: 00:07:44

Health: -7/42      AC: 10    Str: 19    XL:     5   Next: 23%
Magic:  5/5        EV: 11    Int: 14    God:    Trog [**....]
Gold:   118        SH:  0    Dex: 12    Spells: 4/4 levels left

rFire   . . .        a - +0 hand axe
rCold   . . .        (no shield)
rNeg    . . .        g - +1 ring mail
rPois   .            (no helmet)
rElec   .            (no cloak)
rCorr   .            (no gloves)
SInv    .            (no boots)
Will    .....        k - amulet of the acrobat
Stlth   +            n - +4 ring of protection
HPRegen 0.27/turn    h - +6 ring of intelligence
MPRegen 0.09/turn

%: acrobat
@: no status effects
A: MP-powered wands
a: Renounce Religion, Berserk, Trog's Hand


You were on level 3 of the Dungeon.
You worshipped Trog.
Trog was pleased with you.
You visited 1 branch of the dungeon, and saw 3 of its levels.

You collected 118 gold pieces.

Inventory:

Hand Weapons
 a - a +0 hand axe (weapon)
Missiles
 e - 20 stones
 o - 3 boomerangs (quivered)
Armour
 b - a +0 animal skin
 d - a +0 leather armour
 g - a +1 ring mail (worn)
Jewellery
 h - a +6 ring of intelligence (right hand)
 k - an amulet of the acrobat (around neck)
 n - a +4 ring of protection (left hand)
Wands
 i - a wand of polymorph (3)
Scrolls
 f - 4 scrolls of noise
Potions
 c - a potion of heal wounds
 l - 2 potions of curing


   Skills:
 + Level 3.7 Fighting
 + Level 3.7 Axes
 + Level 3.0 Armour
 + Level 3.0 Dodging


You had 4 spell levels left.
You didn't know any spells.
Your spell library was empty.

Dungeon Overview and Level Annotations

Branches:
Dungeon (3/15)

Altars:


Innate Abilities, Weirdness & Mutations

You expend magic power (3 MP) to strengthen your wands.


Message History

You kill the orc!
Trog accepts your kill.
You barely miss the orc priest. The orc priest barely misses you.
You closely miss the orc priest.
You punch the orc priest, but do no damage.
The rat twitches its whiskers.
The orc priest closely misses you.
You hit the orc priest but do no damage.
The orc priest closely misses you. The rat closely misses you.
The orc priest calls down the wrath of Beogh upon you.
Beogh smites you!
You hit the orc priest but do no damage.
You barely miss the rat.
The orc priest hits you with a +0 war axe!
* * * LOW HITPOINT WARNING * * *
An orc priest comes into view. It is wielding a +0 club.
The rat barely misses you.
You hit the orc priest.
The orc priest is moderately wounded.
You hit the rat but do no damage.
The orc priest looks encouraged for a moment.
The rat bites you but does no damage.
You hit the orc priest.
The orc priest is severely wounded.
You closely miss the rat.
The orc priest hits you with a +0 war axe.
* * * LOW HITPOINT WARNING * * *
The rat closely misses you.
You barely miss the orc priest.
The orc priest is severely wounded.
You hit the rat.
The orc priest hits you with a +0 war axe.
* * * LOW HITPOINT WARNING * * *
The rat bites you but does no damage.
You hit the orc priest.
The orc priest is almost dead.
You hit the rat but do no damage. The rat bites you but does no damage.
The orc priest mumbles some strange prayers to Beogh against you.
Beogh smites you!
You die...

#. #.#.# #.#.###
#.#... .# #.#..
...##...# #
$...>.)####.####.
#.?.or@o....'.
###.#†.)...####.
###..........# ##
#.'..........# .#
#.#†..######## .#
#.#...#
.######.#...#
#####
.##.....#...#
#..)#
.##.#####...#
#...#


You could see 2 orc priests and a rat.

Vanquished Creatures
  Crazy Yiuf (D:3)
  Terence (D:3)
  An adder (D:2)
  2 worms
  3 dart slugs
  An orc (D:3)
  3 bats
  3 endoplasms
  3 giant cockroaches
  4 goblins
  7 hobgoblins
  2 kobolds
  A quokka (D:2)
  4 ball pythons
  2 frilled lizards
  3 rats (D:1)
41 creatures vanquished.

Notes
Turn   | Place    | Note
-------+----------+-------------------------------------------
     0 | D:1      | sampeng1 the Human Berserker began the quest for the Orb.
     0 | D:1      | Reached XP level 1. HP: 18/18 MP: 1/1
   325 | D:1      | Reached XP level 2. HP: 20/24 MP: 2/2
   721 | D:1      | Reached XP level 3. HP: 24/29 MP: 3/3
  1395 | D:2      | Reached XP level 4. HP: 17/35 MP: 4/4
  1562 | D:2      | Reached ** piety under Trog
  1984 | D:2      | Gained mutation: You expend magic power (3 MP) to
                  | strengthen your wands. [potion of mutation]
  1993 | D:3      | Noticed Terence
  2008 | D:3      | Killed Terence
  2117 | D:3      | Found a runed translucent door.
  2118 | D:3      | Noticed Crazy Yiuf
  2135 | D:3      | Killed Crazy Yiuf
  2136 | D:3      | Reached XP level 5. HP: 13/42 MP: 5/5
  2312 | D:3      | Killed from afar by an orc priest

Illustrated notes

Levels and vault maps discovered:
D:1:      wander_arrival_fairy_ring, layout_loops_ring
D:2:      layout_loops_ring, minivault_5, minivault_24
D:3:      layout_basic, mainiacjoe_overflow_brackets,
          gammafunk_ghost_nasty_kobolds, palyth_stone_intersect,
          minmay_misc_feat_rows, uniq_crazy_yiuf_cottage, uniq_terence,
          uniq_robin

Skill      XL: |  1  2  3  4 |
---------------+-------------+-----
Armour         | 3 |  3.0
Dodging        | 3 |  3.0
Fighting       | |  3.7
Axes           | |  3.7

Action                     |  1- 3 |  4- 6 || total
---------------------------+-------+-------++-------
  Melee: Hand axe          |   100 |    60 ||   160
         Punch             |     1 |     1 ||     2
         Unarmed           |       |     2 ||     2
 Invoke: Berserk           |       |     1 ||     1
    Use: Scroll            |     7 |     2 ||     9
         Potion            |       |     3 ||     3
   Stab: Sleeping          |     1 |       ||     1
 Armour: Leather armour    |     8 |       ||     8
         Ring mail         |    19 |    23 ||    42
  Dodge: Dodged            |    60 |    41 ||   101
